 Dungeon Crawl Stone Soup version 0.32-a0-799-g95e1662365 (webtiles) character file.

Game seed: 9141764375077152613

1512 runemasterragnar the Slasher (level 8, -1/55 HPs)
             Began as an Octopode Fighter on Mar 22, 2024.
             Was an Initiate of Gozag.
             Slain by a sky beast (3 damage)
             ... on level 6 of the Dungeon.
             The game lasted 00:05:35 (5461 turns).

runemasterragnar the Slasher (Octopode Fighter)     Turns: 5461, Time: 00:05:35

Health: -1/55      AC:  1    Str: 24    XL:     8   Next: 83%
Magic:  8/8        EV: 13    Int: 10    God:    Gozag
Gold:   661        SH:  4    Dex: 11    Spells: 7/7 levels left

rFire   . . .        a - +0 long sword (drain)
rCold   . . .        b - +0 buckler
rNeg    . . .        (helmet restricted)
rPois   .            (no amulet)
rElec   .            j - +6 ring of strength
rCorr   .            (no ring)
SInv    .            (no ring)
Will    .....        (no ring)
Stlth   ++++         (no ring)
HPRegen 0.29/turn    (no ring)
MPRegen 0.11/turn    (no ring)
                     (no ring)

%: no passive effects
@: gold aura
A: almost no armour, amphibious, 8 rings, camouflage 1, gelatinous body 1,
(nimble swimmer 1), tentacles
a: Renounce Religion, Potion Petition, Call Merchant, Bribe Branch


You were on level 6 of the Dungeon.
You worshipped Gozag.
Gozag was pleased with you.
You visited 1 branch of the dungeon, and saw 6 of its levels.

You collected 714 gold pieces.
You paid 53 gold pieces to Gozag.

Inventory:

Hand Weapons
 a - a +0 long sword of draining (weapon)
Armour
 b - a +0 buckler (worn)
Magical Staves
 w - a staff of air
 x - a staff of cold
Jewellery
 j - a +6 ring of strength (left tentacle)
 n - a +4 ring of protection
Talismans
 l - a blade talisman
Wands
 o - a wand of paralysis (5)
Scrolls
 f - a scroll of noise
 h - 2 scrolls of fog {unknown}
 p - a scroll of enchant armour {unknown}
 r - a scroll of teleportation
 u - a scroll of immolation {unknown}
Potions
 c - a potion of might
 d - a potion of brilliance
 e - 2 potions of resistance
 g - 2 potions of degeneration
 i - 2 potions of curing
 k - a potion of cancellation {unknown}
 q - a potion of attraction
 s - 2 potions of lignification {unknown}
 t - a potion of enlightenment {unknown}
 v - a potion of invisibility {unknown}


   Skills:
 + Level 5.1 Fighting
 * Level 6.1 Long Blades
 + Level 5.0 Dodging
 + Level 5.6 Stealth
 + Level 5.0 Shields
 + Level 3.4 Evocations


You had 7 spell levels left.
You didn't know any spells.
Your spell library contained the following spells:

 Spells                   Type           Power      Damage    Failure   Level
 Alistair's Intoxication  Alch           0%         N/A       100%        5
 Borgnjor's Vile Clutch   Necr/Erth      0%         N/A       100%        5
 Eringya's Noxious Bog    Alch           0%         4d6       100%        6


Dungeon Overview and Level Annotations

Branches:
Dungeon (6/15)
 Temple: D:4-7

Altars:
Ashenzari
Gozag
Kikubaaqudgha
Makhleb
Trog
The Shining One


Innate Abilities, Weirdness & Mutations

You cannot wear most types of armour.
You are amphibious.
You can wear up to eight rings at the same time.
Your skin changes colour to match your surroundings (Stealth+).
Your rubbery body absorbs attacks. (AC +1, EV +1)
((You are camouflaged when in or above water. (Stealth+)))
You have tentacles for arms and can constrict up to eight enemies at once.


Message History

The poisoned dart barely misses the orc priest.
The poisoned dart barely misses the shadow imp.
The sky beast flickers out of sight!
Deactivating autopickup; reactivate with Ctrl-A.
Unknown command.
Throw: dart (poison)
Press: ? - help, Q - select action, (/) - cycle Shift-Dir - straight line, f/p - orc priest
Aim: an orc priest, wielding a +0 club and wearing a +0 leather armour (54% to hit)
You throw a poisoned dart. The poisoned dart hits the orc priest.
The orc priest looks even sicker.
The orc priest is moderately wounded.
Unknown command.
Okay, then.
You hit something. Something hits you. Something shocks you.
The orc priest looks encouraged for a moment.
The orc priest invokes the aid of Beogh against you.
Beogh smites you!
You hit something. Something hits you. Something shocks you.
You barely miss something. Something barely misses you.
The orc priest mumbles some strange prayers to Beogh against you.
Beogh smites you!
* * * LOW HITPOINT WARNING * * *
Unknown command.
Reactivating autopickup.
A sky beast appears from thin air!
The orc priest invokes the aid of Beogh against you.
Beogh smites you!
* * * LOW HITPOINT WARNING * * *
The shadow imp sputters.
There is a stone staircase leading up here.
Unknown command.
It was a potion of curing.
You feel better. The sky beast hits you.
* * * LOW HITPOINT WARNING * * *
The sky beast shocks you.
* * * LOW HITPOINT WARNING * * *
Okay, then.
You kill the orc priest!
The sky beast hits you.
You die...
Your body crumbles into a pile of gold.

### #.. #.# #
#.# .# .# #.#
##.# ..# #.#
...#### ..
#.###5(.(...
#.#.Y$oo...((.
#..@####......
##### .....
.... ... .. #


You could see a sky beast, a shadow imp and 2 orcs.

Vanquished Creatures
  Sigmund (D:5)
  Edmund (D:5)
  2 black bears (D:4)
  An ogre (D:5)
  Blork the orc (D:5)
  2 scorpions
  3 wights (D:5)
  A howler monkey (D:5)
  A jelly (D:4)
  4 hounds
  2 orc priests
  2 bombardier beetles
  Ijyb (D:3)
  4 iguanas
  2 orc wizards (D:5)
  7 adders
  A shadow imp (D:5)
  A white imp (D:5)
  A ribbon worm (D:2)
  11 orcs
  7 ball pythons
  8 endoplasms
  5 giant cockroaches
  8 goblins
  8 hobgoblins
  2 jackals (D:2)
  3 quokkas
  2 bats
  3 frilled lizards
  8 kobolds
  6 rats
109 creatures vanquished.

Notes
Turn   | Place    | Note
-------+----------+-------------------------------------------
     0 | D:1      | runemasterragnar the Octopode Fighter began the quest for
                  | the Orb.
     0 | D:1      | Reached XP level 1. HP: 16/16 MP: 1/1
   288 | D:1      | Reached XP level 2. HP: 19/21 MP: 2/2
   419 | D:1      | Reached skill level 1 in Stealth
   695 | D:1      | Reached XP level 3. HP: 24/26 MP: 3/3
  1086 | D:2      | Found a bloodstained altar of Trog.
  1229 | D:2      | Reached XP level 4. HP: 27/31 MP: 4/4
  1469 | D:2      | Reached skill level 3 in Long Blades
  1776 | D:3      | Found a broken altar of Ashenzari.
  1802 | D:3      | Found an opulent altar of Gozag.
  1847 | D:3      | Became a worshipper of Gozag Ym Sagoz the Greedy
  2048 | D:3      | Reached XP level 5. HP: 36/36 MP: 5/5
  2416 | D:3      | Noticed Ijyb
  2423 | D:3      | Killed Ijyb
  2808 | D:4      | Reached XP level 6. HP: 43/43 MP: 6/6
  2924 | D:4      | Reached skill level 4 in Long Blades
  2924 | D:4      | Reached skill level 1 in Evocations
  3264 | D:4      | Noticed a black bear
  3288 | D:4      | Killed a black bear
  3289 | D:4      | Reached XP level 7. HP: 48/48 MP: 7/7
  3880 | D:5      | Entered Level 5 of the Dungeon
  4007 | D:5      | Found a bloodstained altar of Trog.
  4010 | D:5      | Found an ancient bone altar of Kikubaaqudgha.
  4010 | D:5      | Noticed Blork the orc
  4011 | D:5      | Found a glowing golden altar of the Shining One.
  4030 | D:5      | Killed Blork the orc
  4031 | D:5      | Reached skill level 5 in Long Blades
  4111 | D:5      | Found a burning altar of Makhleb.
  4122 | D:5      | Noticed Sigmund
  4132 | D:5      | Killed Sigmund
  4133 | D:5      | Reached XP level 8. HP: 32/54 MP: 8/8
  4236 | D:5      | Reached skill level 5 in Stealth
  4944 | D:5      | Reached skill level 5 in Fighting
  5088 | D:5      | Noticed Edmund
  5095 | D:5      | Killed Edmund
  5096 | D:5      | Reached skill level 6 in Long Blades
  5096 | D:5      | Reached skill level 5 in Dodging
  5096 | D:5      | Reached skill level 5 in Shields
  5459 | D:6      | HP: 1/55 [orc priest/divine providence (13)]
  5461 | D:6      | Slain by a sky beast

Illustrated notes

Levels and vault maps discovered:
D:1:      roderic_octagonal_star, layout_basic
D:2:      layout_basic, basic_altar, minmay_tetromino_s2
D:3:      layout_loops_corners, mainiacjoe_overflow_two_lobes, uniq_ijyb
D:4:      layout_cave_pods, st_stairs_7
D:5:      layout_basic, nicolae_overflow_macrodata_refinement, abandoned_shop,
          uniq_sigmund, uniq_blork_the_orc, uniq_edmund
D:6:      layout_basic, kennysheep_mini_moat, minmay_temple_entry_ruins

Skill      XL: |  1  2  3  4  5  6  7  8 |
---------------+-------------------------+-----
Stealth        | 1 2 3 4 5 |  5.6
Long Blades    | 3 4 5 6 |  6.1
Evocations     | 1 2 3 |  3.4
Fighting       | 4 5 |  5.1
Shields        | 4 5 |  5.0
Dodging        | 4 5 |  5.0

Action                     |  1- 3 |  4- 6 |  7- 9 || total
---------------------------+-------+-------+-------++-------
  Melee: Long sword        |    73 |    76 |    70 ||   219
         Constrict         |    17 |    20 |    22 ||    59
         Tentacles         |     5 |    14 |    28 ||    47
  Throw: Dart              |       |       |     6 ||     6
  Evoke: Wand              |       |       |     5 ||     5
    Use: Scroll            |       |     9 |     1 ||    10
         Potion            |       |       |     1 ||     1
   Stab: Sleeping          |     8 |    11 |     1 ||    20
         Paralysed         |       |       |     2 ||     2
 Armour: Skin              |    27 |    28 |    45 ||   100
  Dodge: Dodged            |    36 |    29 |    27 ||    92
  Block: Buckler           |    16 |     8 |    11 ||    35

Table legend: (Time is in decaauts)
 A = Elapsed time spent in this place.
 B = Non-inter-level travel time spent in this place.
 C = Inter-level travel time spent in this place.
 D = Time resting spent in this place.
 E = Time spent auto-exploring this place.
 F = Levels seen in this place.
 G = Mean time per level.
                   A        B        C        D        E       F      G
               +--------+--------+--------+--------+--------+-----+--------+
         Total |   5515 |   5273 |    242 |    775 |   3674 |   6 |  919.2 |
       Dungeon |   5515 |   5273 |    242 |    775 |   3674 |   6 |  919.2 |
               +--------+--------+--------+--------+--------+-----+--------+

Top non-repeatable levels by time:
     D:5: 1441 daAuts
     D:4: 1284 daAuts
     D:3: 1078 daAuts
     D:1: 909 daAuts
     D:2: 782 daAuts
     D:6: 18 daAuts
